 Dungeon Crawl Stone Soup version 0.25.0-37-gb73750e0fb (webtiles) character file.

Game seed: 10463193754304165182

2631 xccam the Slicer (level 9, -10/58 HPs)
             Began as an Octopode Assassin on July 8, 2020.
             Was a Priest of Uskayaw.
             Mangled by an ogre
             ... wielding a +0 giant spiked club
              (23 damage)
             ... on level 7 of the Dungeon.
             The game lasted 00:09:52 (5455 turns).

xccam the Slicer (Octopode Assassin)                Turns: 5455, Time: 00:09:52

Health: -10/58     AC:  3    Str: 11    XL:     9   Next: 61%
Magic:  1/12       EV: 16    Int: 13    God:    Uskayaw [***...]
Gold:   274        SH:  0    Dex: 16    Spells: 8/8 levels left

rFire    . . .     SeeInvis .   a - +2 dagger
rCold    . . .     Gourm    .   (no shield)
rNeg     . . .     Faith    .   y - +2 hat
rPois    .         Spirit   .   w - amulet of regeneration
rElec    .         Reflect  .   (no ring)
rCorr    .         Harm     .   (no ring)
MR       .....                  (no ring)
Stlth    +++++.....             (no ring)
HPRegen  0.59/turn              (no ring)
MPRegen  0.13/turn              (no ring)
                                (no ring)
                                (no ring)

@: marked, hasted, very quick
A: almost no armour, stealthy swim, amphibious, 8 rings, constrict 8, camouflage
1, gelatinous body 1
a: Stomp, Line Pass, Renounce Religion


You were on level 7 of the Dungeon.
You worshipped Uskayaw.
Uskayaw was noncommittal.
You were not hungry.

You visited 1 branch of the dungeon, and saw 7 of its levels.

You collected 310 gold pieces.
You spent 36 gold pieces at shops.

Inventory:

Hand Weapons
 a - a +2 dagger (weapon)
Missiles
 b - 29 poisoned darts (quivered)
Armour
 y - a +2 hat (worn)
Jewellery
 q - an uncursed ring of fire
 v - an uncursed ring of fire
 w - an amulet of regeneration (around mantle)
Wands
 g - a wand of enslavement (1)
 x - a wand of polymorph (14)
 F - a wand of flame (18)
Scrolls
 c - 2 scrolls of identify
 i - 3 scrolls of enchant weapon
 j - 3 scrolls of teleportation
 k - 2 scrolls of random uselessness
 m - 2 scrolls of amnesia
 n - 6 scrolls of fog
 p - 3 scrolls of immolation
 r - 2 scrolls of remove curse
 z - a scroll of blinking {unknown}
 B - a scroll of holy word {unknown}
 C - a scroll of noise {unknown}
Potions
 f - 2 potions of degeneration
 l - a potion of heal wounds
 o - 2 potions of brilliance
 t - a potion of haste
 u - a potion of lignification {unknown}
 A - a potion of ambrosia
 D - a potion of curing
Comestibles
 d - 4 rations
 s - 3 chunks of flesh


   Skills:
 - Level 4.0 Fighting
 + Level 9.4 Short Blades
 - Level 2.0 Throwing
 - Level 5.0 Dodging
 - Level 8.0 Stealth
 + Level 5.2 Invocations


You had 8 spell levels left.
You didn't know any spells.
Your spell library contained the following spells:

 Spells                   Type           Power        Failure   Level  Hunger
 Corona                   Hex            #......      30%         1    ##.....
 Ensorcelled Hibernation  Hex/Ice        #.....       43%         2    ###....
 Confusing Touch          Hex            #.......     67%         3    ####...
 Dazzling Flash           Conj/Hex       #.....       67%         3    ####...
 Tukima's Dance           Hex            #.......     67%         3    ####...


Dungeon Overview and Level Annotations

Branches:
Dungeon (7/15)             Temple (0/1) D:6

Altars:
Ashenzari
Cheibriados
Elyvilon
Fedhas
Gozag
Kikubaaqudgha
Makhleb
Qazlal
Trog
Uskayaw
Vehumet
The Shining One

Shops:
D:6 *

Annotations:
D:4 3 runed translucent doors, jazmu's ghost, novice FoWn


Innate Abilities, Weirdness & Mutations

You cannot wear most types of armour.
You are very stealthy in the water. (Stealth+)
You are amphibious.
You can wear up to eight rings at the same time.
You can use your tentacles to constrict eight enemies at once.
Your skin changes colour to match your surroundings (Stealth+).
Your rubbery body absorbs attacks. (AC +1, EV +1)


Message History

You constrict Harold.
Harold hits you with a +1 antimagic war axe!
* * * LOW HITPOINT WARNING * * *
Uskayaw will force your foes to helplessly watch your dance.
You hit Harold.
Harold is almost dead.
You constrict Harold, but do no damage. You hit Harold but do no damage.
You squeeze Harold.
You kill Harold!
Harold looks down at his mortal wounds and cries, "But... this was my last day before retirement..."
Training target 8.0 for Stealth reached!
Your Stealth skill increases to level 8!
Your Invocations skill gained 2 levels and is now at level 5!
You recover from your berserk rage.
You hit the ogre. You squeeze the ogre!
The ogre is heavily wounded.
You hit the ogre.
The ogre is heavily wounded.
The ogre hits you with a +0 giant spiked club!!
You die...

#..รท......#..........#
######....##.........#
##..###'####....##...#
..........##....##..##
...........#........##
...........#.........#
##........##....##...#
#..##....####'###...#
##+##....##....@Oh..#
#..........##h..#
..............##...#
........#####'##(..#
####....##....##O..# ..
#....##.........#
..##....##.........#
........##@#####...#
....(..##.hp.##..##


You could see an ogre and 2 jackals.

Vanquished Creatures
  Harold (D:7)
  Pikel (D:7)
  Grinder (D:6)
  An ice beast (D:6)
  A black bear (D:7)
  A phantom (D:4)
  A bullfrog (D:6)
  A water moccasin zombie (D:6)
  A scorpion (D:4)
  A howler monkey (D:7)
  5 crimson imps
  A bullfrog zombie (D:6)
  A hound (D:6)
  Crazy Yiuf (D:2)
  A bullfrog skeleton (D:6)
  A gnoll shaman (D:5)
  2 jellies
  2 centaur skeletons (D:6)
  2 iguanas
  3 worker ants
  A hound zombie (D:7)
  A hound skeleton (D:4)
  A howler monkey zombie (D:6)
  A worker ant zombie (D:6)
  11 adders
  7 gnolls
  2 oozes
  2 adder skeletons (D:4)
  4 worms
  A dart slug (D:3)
  3 leopard geckos
  7 orcs
  2 ball pythons
  3 giant cockroaches
  6 goblins
  10 hobgoblins
  12 jackals
  4 quokkas
  2 bats
  2 frilled lizards
  A jackal skeleton (D:4)
  5 kobolds
  12 rats
129 creatures vanquished.

Vanquished Creatures (collateral kills)
  A slave (D:7)
  A jackal (D:7)
2 creatures vanquished.

Vanquished Creatures (others)
  A water moccasin (D:7)
  2 slaves (D:7)
  4 jackals
7 creatures vanquished.

Grand Total: 138 creatures vanquished

Notes
Turn   | Place    | Note
-------+----------+-------------------------------------------
     0 | D:1      | xccam the Octopode Assassin began the quest for the Orb.
     0 | D:1      | Reached XP level 1. HP: 14/14 MP: 1/1
   717 | D:1      | Reached XP level 2. HP: 19/19 MP: 2/2
   767 | D:1      | Reached skill level 3 in Short Blades
   921 | D:2      | Reached XP level 3. HP: 24/24 MP: 3/3
  1112 | D:2      | Found an ancient bone altar of Kikubaaqudgha.
  1171 | D:2      | You fall into a shaft and drop 2 floors!
  1244 | D:4      | Reached skill level 4 in Short Blades
  1341 | D:4      | Noticed a scorpion
  1385 | D:4      | Reached XP level 4. HP: 26/29 MP: 4/4
  1449 | D:4      | Reached skill level 5 in Short Blades
  1449 | D:4      | Reached XP level 5. HP: 28/34 MP: 5/5
  1642 | D:4      | Found a runed translucent gate.
  1644 | D:4      | Found a runed translucent gate.
  1644 | D:4      | Found an opulent altar of Gozag.
  1653 | D:4      | Found a runed translucent gate.
  1654 | D:4      | Noticed a yak
  1655 | D:4      | Noticed jazmu's ghost (novice FoWn)
  1705 | D:4      | Noticed a phantom
  1741 | D:4      | Killed a phantom
  1741 | D:4      | Reached skill level 6 in Short Blades
  1741 | D:4      | Reached XP level 6. HP: 25/40 MP: 6/6
  2248 | D:2      | Found a runed translucent door.
  2249 | D:2      | Noticed Crazy Yiuf
  2397 | D:2      | Killed Crazy Yiuf
  3366 | D:4      | Found a burning altar of Makhleb.
  3373 | D:4      | Found a glowing golden altar of the Shining One.
  3561 | D:5      | Entered Level 5 of the Dungeon
  3646 | D:5      | Reached XP level 7. HP: 15/46 MP: 7/7
  4394 | D:5      | Found a stormy altar of Qazlal.
  4440 | D:5      | Found a shattered altar of Ashenzari.
  4440 | D:5      | Found a blossoming altar of Fedhas.
  4445 | D:5      | Found a bloodstained altar of Trog.
  4447 | D:5      | Found a snail-covered altar of Cheibriados.
  4449 | D:5      | Found a white marble altar of Elyvilon.
  4557 | D:6      | Noticed Grinder
  4572 | D:6      | Killed Grinder
  4572 | D:6      | Reached skill level 7 in Short Blades
  4572 | D:6      | Reached XP level 8. HP: 43/54 MP: 8/8
  4600 | D:6      | Found Eban's General Store.
  4607 | D:6      | Bought a potion of curing for 36 gold pieces
  4610 | D:6      | Found a hide-covered altar of Uskayaw.
  4619 | D:6      | Became a worshipper of Uskayaw the Reveler
  4626 | D:6      | Reached * piety under Uskayaw
  4726 | D:6      | Reached ** piety under Uskayaw
  4831 | D:6      | Found a radiant altar of Vehumet.
  4844 | D:6      | Reached skill level 8 in Short Blades
  4849 | D:6      | Reached *** piety under Uskayaw
  4852 | D:6      | Reached **** piety under Uskayaw
  4856 | D:6      | Reached skill level 5 in Dodging
  5048 | D:6      | Reached skill level 1 in Invocations
  5217 | D:6      | Found a staircase to the Ecumenical Temple.
  5376 | D:7      | Noticed Harold
  5386 | D:7      | Noticed Pikel
  5413 | D:7      | Killed Pikel
  5413 | D:7      | Reached skill level 9 in Short Blades
  5413 | D:7      | Reached XP level 9. HP: 27/58 MP: 9/11
  5453 | D:7      | Killed Harold
  5453 | D:7      | Reached skill level 5 in Invocations
  5455 | D:7      | Mangled by an ogre

Illustrated notes

Levels and vault maps discovered:
D:1:      noname_arrival_rooms_in_the_neighbourhood, layout_basic
D:2:      layout_rooms, kiku_gazebo_pond_becter, lemuel_flame_loot_1,
          uniq_crazy_yiuf_cottage
D:3:      layout_rooms
D:4:      layout_cave_pods, amethyst_overflow_temple_binary,
          nicolae_ossuary_entry_ruins, ebering_ghost_gozag,
          minmay_misc_feat_nine_boxes
D:5:      layout_basic, chequers_temple_overflow_minitemple, first_ration,
          nicolae_qazlal_general_emergency
D:6:      layout_loops_cross, vehumet_altar_wand_db, minmay_temple_entry_fiery,
          serial_shops, shop, basic_altar, uniq_grinder
D:7:      layout_gridville, kennysheep_mini_moat, serial_shops, shop_statue,
          uniq_harold, uniq_pikel

Skill      XL: |  1  2  3  4  5  6  7  8  9 |
---------------+----------------------------+-----
Short Blades   | 3 4 5 6 7 9 |  9.4
Dodging        | 2 3 5 |  5.0
Fighting       | 3 4 |  4.0
Invocations    | 3 5 |  5.2
Stealth        | 7 8 |  8.0
Throwing       | |  2.0

Action                   |  1- 3 |  4- 6 |  7- 9 || total
-------------------------+-------+-------+-------++-------
Melee: Dagger            |    55 |   133 |   211 ||   399
       Constrict         |    11 |    27 |    32 ||    70
       Tentacles         |     8 |    35 |    60 ||   103
Throw: Dart              |       |       |     8 ||     8
Evoke: Wand              |       |       |     5 ||     5
  Use: Scroll            |       |    14 |     2 ||    16
       Potion            |       |     2 |     7 ||     9
 Stab: Sleeping          |     9 |    12 |    13 ||    34
       Distracted        |     1 |       |       ||     1
       Invisible         |       |     2 |       ||     2
       Paralysed         |       |       |     4 ||     4
  Eat: Chunk             |     1 |     7 |     6 ||    14
Armor: Skin              |     3 |     4 |    13 ||    20
Dodge: Dodged            |    22 |    69 |    90 ||   181
